AoeStats
← Malelf

Arabia

507969678Analyzed
1v1 RM · 11d ago on Sep 20, 2026· 27m 58s· 2 players
Game mode
Random Map
Map size
Tiny (2 player)
Population
200
Speed
Normal
Resources
Standard
Victory
Conquest
Starting age
Dark Age
Ending age
Imperial Age
RankedLock teamsTeams togetherTeam positionsShared explorationLock speedFull tech treeHidden civsTurbo modeCheats
Victory
Defeat
1622
+18
🇮🇹 Mongols · Italy
1667
-18
[韓粉戰隊] 台北庶民
6:13 Loom
8:42 Feudal Age
10:04 Double-Bit Axe
19:08 Castle Age
18:10 Fletching
18:47 Padded Archer Armor
18:39 Gold Mining
19:13 Crossbowman
19:56 Bodkin Arrow
23:07 Bow Saw
23:12 Horse Collar
24:20 Ballistics
24:54 Wheelbarrow
26:49 Thumb Ring
28:32 Leather Archer Armor
Malelf
7:59 Feudal Age
8:42 Double-Bit Axe
8:55 Horse Collar
15:00 Fletching
15:43 Padded Archer Armor
18:16 Gold Mining
21:08 Castle Age
21:55 Bodkin Arrow
22:47 Leather Archer Armor
23:07 Elite Skirmisher
25:40 Ballistics
26:39 Bow Saw
Connection lost

Rejoining the realm…

Still unreachable

The connection could not be restored.

Session expired

The server has moved on; the page needs a fresh start.